[Event "Early-Titled-Tuesday-Blitz-January-23-2024"]
[Site "Chess.com"]
[Date "2024.01.23"]
[Round "6"]
[White "M1711"]
[Black "ErikRonka"]
[Result "1-0"]
[WhiteElo "2652"]
[BlackElo "2493"]
[TimeControl "180+1"]
[EndTime "9:06:53 PST"]
[Termination "M1711 won on time"]

1. e4 c5 2. Nf3 e6 3. d4 cxd4 4. Bg5 Qc7 5. c3 d3 6. Bxd3 d6 7.
c4 Nd7 8. Nc3 a6 9. O-O Ngf6 10.
b4 Be7 11. Rc1 O-O 12. a3 b6 13. Re1 Bb7 14. h3 Rac8 15. Qd2 Ne5 16. Nxe5 dxe5 17. Be3 Rfd8 18. Qc2 h6 19. f3 Bc6 20. Red1 a5 21.
Qb2 axb4 22. axb4 Rd7 23. Bf1 Rxd1 24. Rxd1 Rd8 25. Rxd8+ Qxd8 26. Na2 Qc7 27. Kf2 Nd7 28. Bd3 Kh7 29. Ke2 g6 30. Nc3 f5 31. Qa3 Qd6 32. Na2 Qc7 33. Qb2 Bb7 34. Nc3 Bf6 35. Nb5 Qc6 36.
Qc2 Nf8 37. Qa4 f4 38. Bf2 Qd7 39. Nc3 Bc6 40. b5 Bb7 41. Bxb6 Qe7 42. Bf2 Nd7 43. b6 Nc5 44. Qb5 Nxd3 45. Kxd3 Qd8+ 46. Kc2 Bc8 47. c5 Bd7 48. c6 Be8 49. b7 1-0

[Event "Early-Titled-Tuesday-Blitz-January-23-2024"]
[Site "Chess.com"]
[Date "2024.01.23"]
[Round "6"]
[White "eagleclaw07"]
[Black "JoliyRoger"]
[Result "1-0"]
[WhiteElo "2642"]
[BlackElo "2468"]
[TimeControl "180+1"]
[EndTime "9:06:53 PST"]
[Termination "eagleclaw07 won on time"]

1. e4 c6 2. Nf3 d5 3. e5 Bg4 4. h3 Bxf3 5. Qxf3 e6 6. d4 Nd7 7.
Bd3 c5 8. O-O cxd4 9. Qg3 Ne7 10. Nd2 g6 11. Nf3 Qb6 12. Qf4 h6 13. Nxd4 Nf5 14.
Nxf5 gxf5 15. Be3 Bc5 16. Rfe1 O-O-O 17. b3 Qc7 18. Bd2 Be7 19. Qa4 Kb8 20. b4 Nb6 21. Qb3 Rc8 22. a4 Nc4 23. Bf4 Bg5 24. Bh2 Rhg8 25.
a5 Be7 26. Kh1 Nd2 27. Qa4 Ne4 28. Bxe4 fxe4 29. Rac1 h5 30. c4 h4 31. c5 a6 32.
b5 axb5 33. Qxb5 Qc6 34. Qb3 Bxc5 35. Bg1 Qa6 36. Rb1 Ba7 37. f3 Bxg1 38. Rxg1 exf3 39. Qxf3 Rc7 40. Qf4 Qxa5 41. Qxh4 Qc3 42. Qf4 Rh8 43. Rgc1 1-0

[Event "Early-Titled-Tuesday-Blitz-January-23-2024"]
[Site "Chess.com"]
[Date "2024.01.23"]
[Round "6"]
[White "Hovik_Hayrapetyan"]
[Black "SandwichOSaumon"]
[Result "1-0"]
[WhiteElo "2829"]
[BlackElo "2528"]
[TimeControl "180+1"]
[EndTime "9:06:54 PST"]
[Termination "Hovik_Hayrapetyan won by checkmate"]

1. d4 Nf6 2. c4 e6 3. Nc3 Bb4 4. Nf3 d5 5. Qa4+ Nc6 6. a3 Bxc3+ 7. bxc3 O-O 8. Bg5 h6 9. Bh4 Re8 10. e3 Bd7 11. Qc2 Qe7 12. cxd5 exd5 13. Bd3 Qe6 14.
O-O Ne4 15. c4 dxc4 16. Bxc4 Qg6 17. Bg3 Rac8 18. Rac1 Bf5 19. Nh4 Nxg3 20. Qb3 Na5 21. Qb5 Qf6 22. fxg3 Nxc4 23. Rxc4 g6 24. Rxc7 Rxc7 25.
Qxe8+ Kg7 26. Qb5 a6 27. Qe2 Re7 28. h3 Qe6 29. Nxf5+ gxf5 30. Rf3 Qe4 31. Kh2 Kg6 32. Qc4 h5 33. Qc8 Kg7 34. Qxf5 Qxf5 35. Rxf5 Rxe3 36. Rxh5 Rxa3 37. Rd5 Rd3 38. Rd7 b5 39. Ra7 Ra3 40.
h4 b4 41. d5 Kf6 42. d6 b3 43. Rb7 a5 44. h5 a4 45. d7 Ke7 46. h6 b2 47. h7 Rb3 48. h8=Q Rxb7 49. d8=Q+ Ke6 50. Qhf6# 1-0

[Event "Early-Titled-Tuesday-Blitz-January-23-2024"]
[Site "Chess.com"]
[Date "2024.01.23"]
[Round "6"]
[White "LeRoidesChampions"]
[Black "Logman74"]
[Result "1-0"]
[WhiteElo "2625"]
[BlackElo "2481"]
[TimeControl "180+1"]
[EndTime "9:06:54 PST"]
[Termination "LeRoidesChampions won on time"]

1. Nf3 Nf6 2. d4 g6 3. Bf4 Bg7 4. Nc3 d5 5. e3 O-O 6. h4 h5 7. Ne5 Nbd7 8. Be2 c6 9. f3 Nxe5 10. Bxe5 Qb6 11. Na4 Qa5+ 12. c3 Nd7 13. Bxg7 Kxg7 14.
b4 Qc7 15. f4 Nf6 16. Bf3 Bf5 17. Nc5 a5 18. a3 b6 19. Nb3 axb4 20. axb4 Be4 21. O-O Qd7 22. Nd2 Qf5 23. Bxe4 Nxe4 24. Nxe4 Qxe4 25. Qf3 Qd3 26. f5 Rxa1 27. Rxa1 Qxc3 28.
Rf1 Qd3 29. fxg6 Qxg6 30. Qf4 Kh7 31. Rf2 f6 32. Qc7 Qe4 33. Qxc6 Rg8 34. Qxb6 Rg3 35.
Qc7 Rxe3 36. Rf4 Re1+ 37. Kh2 Qe3 38. Rxf6 Qxd4 39. Rf4 Qg1+ 40. Kg3 Re3+ 41. Rf3 Qe1+ 42. Kh3 Re4 43. Kh2 Rxh4+ 44. Rh3 Rxh3+ 45. Kxh3 Qxb4 46. Qe5 Qg4+ 47. Kh2 e6 48. Qc7+ Kg6 49. Qd8 Qh4+ 50. Qxh4 1-0

[Event "Early-Titled-Tuesday-Blitz-January-23-2024"]
[Site "Chess.com"]
[Date "2024.01.23"]
[Round "6"]
[White "Sibelephant"]
[Black "VladimirKramnik"]
[Result "1-0"]
[WhiteElo "3085"]
[BlackElo "2935"]
[TimeControl "180+1"]
[EndTime "9:06:55 PST"]
[Termination "Sibelephant won on time"]

1. d4 d5 2. c4 e6 3. Nf3 Nf6 4. Nc3 c5 5. e3 dxc4 6. Bxc4 a6 7.
O-O b5 8. Be2 Bb7 9. dxc5 Bxc5 10. Qxd8+ Kxd8 11. Nd2 Ke7 12. Nb3 Nbd7 13. Rd1 Rhc8 14.
Na5 Bd5 15. a4 bxa4 16. Nxd5+ Nxd5 17. Rxa4 N7b6 18. Ra1 Bb4 19. e4 Nf6 20. Be3 Bc5 21. Bxc5+ Rxc5 22. f3 Rc2 23. Bf1 g5 24. b4 g4 25.
Rdc1 Rxc1 26. Rxc1 gxf3 27. gxf3 Nfd7 28. Kf2 Kf6 29. Rc6 Rb8 30. Bxa6 Ne5 31. Rc7 Na4 32. b5 Nc5 33. Ke3 Nxa6 34. bxa6 Rb5 35. Nc6 Rb3+ 36.
Kd4 Nxf3+ 37. Kc5 Ne5 38. a7 Ra3 39. Nxe5 Kxe5 40. Rxf7 Kxe4 41. Rxh7 e5 42. Kb6 Rb3+ 43. Kc6 Rc3+ 44. Kb7 Rb3+ 45. Kc8 Ra3 46. Kb8 Kf4 47. a8=Q Rxa8+ 48. Kxa8 e4 49. Rf7+ Kg4 50. Re7 1-0

[Event "Early-Titled-Tuesday-Blitz-January-23-2024"]
[Site "Chess.com"]
[Date "2024.01.23"]
[Round "6"]
[White "Yaacovn"]
[Black "viktorgen2021"]
[Result "1-0"]
[WhiteElo "2780"]
[BlackElo "2545"]
[TimeControl "180+1"]
[EndTime "9:06:55 PST"]
[Termination "Yaacovn won on time"]

1. d4 Nf6 2. e3 g6 3. Nf3 Bg7 4. Be2 O-O 5. O-O d6 6. b3 c5 7.
Bb2 cxd4 8. Nxd4 Nc6 9. c4 d5 10. cxd5 Nxd4 11. Bxd4 Nxd5 12. Bxg7 Kxg7 13. Qd4+ Nf6 14.
Rd1 Qa5 15. Qc3 Qg5 16. Bf3 Bg4 17. Nd2 Rac8 18. Qb2 Bxf3 19. Nxf3 Qf5 20. Nd4 Qe4 21. Rac1 Rfd8 22. h3 h5 23. Rxc8 Rxc8 24. Rc1 Rxc1+ 25.
Qxc1 e5 26. Nf3 Qf5 27. Qc7 e4 28. Nd4 Qd7 29. Qe5 Qd5 30. Qe7 Qd7 31. Qc5 a6 32. Qe5 Qd5 33. Qc7 Qd7 34. Qb6 Nd5 35. Qc5 Nf6 36. a4 Qd5 37. Qb6 Nd7 38. Qc7 Nc5 39. Qa5 Qd6 40. Qb4 Qd5 41. Qc3 Kh7 42. Qa5 Qd6 43.
Qb4 Qd5 44. a5 Nd3 45. Qe7 Kg7 46. b4 Qc4 47. Qxe4 Qc1+ 48. Kh2 Nxf2 49. Qe5+ Kh7 50. Kg3 Nd3 51. Qe7 Kg8 52. Qd8+ Kg7 53.
Nf5+ gxf5 54. Qxd3 Qc7+ 55. Kf3 Qc6+ 56. Kf2 Kg6 57.
Kg3 Qc7+ 58. Kf3 Qc6+ 59. e4 fxe4+ 60. Qxe4+ Qxe4+ 61. Kxe4 Kg5 62. g3 f5+ 63. Ke5 Kg6 64. h4 1-0

[Event "Early-Titled-Tuesday-Blitz-January-23-2024"]
[Site "Chess.com"]
[Date "2024.01.23"]
[Round "6"]
[White "Gabrielian_Artur"]
[Black "ChainedDowntohell"]
[Result "0-1"]
[WhiteElo "2771"]
[BlackElo "2576"]
[TimeControl "180+1"]
[EndTime "9:06:55 PST"]
[Termination "ChainedDowntohell won by checkmate"]

1. e4 c5 2. Nf3 e6 3. d3 Nc6 4.
g3 Nf6 5. Bg2 d6 6. O-O Be7 7. c3 O-O 8. Re1 Bd7 9. Nbd2 Rc8 10. a3 b5 11. b4 a5 12. bxc5 dxc5 13. d4 Qb6 14. e5 Nd5 15. Ne4 cxd4 16. cxd4 h6 17. h4 Rfd8 18. g4 Be8 19. g5 hxg5 20.
hxg5 b4 21. Qd3 bxa3 22. Nf6+ gxf6 23. gxf6 Nxf6 24. exf6 Bxf6 25. Be3 Nxd4 26. Nxd4 Bxd4 27. Qxa3 Qb4 28. Qa2 Bxe3 29. Rxe3 Rd2 30. Rg3+ Kf8 31.
Qa3 Qxa3 32. Rgxa3 a4 33. Rb1 Rcc2 34. Rf3 Bc6 35.
Rf4 a3 36. Bxc6 Rxc6 37. Rb7 a2 38. Rbxf7+ Ke8 39. Rf8+ Ke7 40. R4f7+ Kd6 41. Rd8+ Ke5 42. Rxd2 a1=Q+ 43. Kg2 Rc1 44. Re2+ Kd6 45. Rd2+ Kc6 46. Rfd7 Rg1+ 47. Kf3 Qc3+ 48. Ke2 Qf6 49. R7d6+ Kc5 50. R6d3 Qe5+ 51. Re3 Qh5+ 52. Kd3 Qf5+ 53. Ke2 Qg4+ 54. Kd3 Qc4# 0-1

[Event "Early-Titled-Tuesday-Blitz-January-23-2024"]
[Site "Chess.com"]
[Date "2024.01.23"]
[Round "6"]
[White "Maftuna2303"]
[Black "only_strong_moves"]
[Result "0-1"]
[WhiteElo "2437"]
[BlackElo "2622"]
[TimeControl "180+1"]
[EndTime "9:06:55 PST"]
[Termination "only_strong_moves won by resignation"]

1. e4 e6 2. d4 d5 3. Nd2 c5 4. exd5 Qxd5 5. Ngf3 cxd4 6. Bc4 Qd6 7. O-O Nf6 8. Nb3 Nc6 9. Nbxd4 Nxd4 10. Qxd4 Qxd4 11.
Nxd4 Bd6 12. c3 O-O 13. h3 a6 14.
a4 e5 15. Nf3 Bf5 16. Be3 Rac8 17. Be2 Nd5 18. Rfd1 Be6 19. Ng5 Nxe3 20. Rxd6 Nf5 21.
Rd2 Bc4 22. Bf3 Rc7 23. a5 f6 24. Ne4 Kf7 25. Nd6+ Nxd6 26. Rxd6 Ke7 27. Rad1 f5 28.
Rb6 e4 29. Re1 Rd8 30. Bd1 Kf7 31. Bb3 Bxb3 32. Rxb3 Rd5 33. Ra1 Rd2 34. Ra4 Ke6 35.
Rab4 Rdd7 36. Rb6+ Ke5 37. Kf1 g5 38. Ke2 f4 39.
R3b4 Rf7 40. Rd4 Rfd7 41. Rdb4 Rd5 42. Rh6 Rcd7 43. g3 Rd2+ 44. Kf1 f3 45. Kg1 Rd1+ 46.
Kh2 R7d2 47. h4 Rxf2+ 48. Kh3 gxh4 49. Rxh4 Rh1+ 50. Kg4 Rxh4+ 51. Kxh4 e3 52. Rxb7 e2 53. Re7+ Kd5 54. Kg4 Rf1 55. b4 e1=Q 56. Rxe1 Rxe1 57. Kxf3 Rc1 0-1

[Event "Early-Titled-Tuesday-Blitz-January-23-2024"]
[Site "Chess.com"]
[Date "2024.01.23"]
[Round "6"]
[White "ahkashefi2800"]
[Black "KevinGeorgeMicheal"]
[Result "0-1"]
[WhiteElo "2563"]
[BlackElo "2372"]
[TimeControl "180+1"]
[EndTime "9:06:55 PST"]
[Termination "KevinGeorgeMicheal won on time"]

1. Nf3 Nf6 2. g3 g6 3. Bg2 Bg7 4. O-O O-O 5. d3 d6 6. b3 e5 7. Bb2 h6 8. Nbd2 Be6 9. c4 Qd7 10. Qc2 Bh3 11. e4 Bxg2 12. Kxg2 Qe7 13. h4 Nbd7 14.
Rad1 a5 15. Rfe1 c5 16. a3 Ne8 17. Nb1 Nc7 18. Nc3 Kh7 19. Nd2 f5 20. Nf1 f4 21.
Nd2 Rf7 22. Nf3 Raf8 23. g4 Qe6 24. Qe2 Qxg4+ 25. Kh2 Nf6 26. Rg1 Qh5 27. Kg2 Ne6 28.
Kf1 Bh8 29. Nb5 Ne8 30. Ke1 Bf6 31. Kd2 b6 32. Rg2 Rg8 33. Rdg1 N6c7 34. Nc3 Kh8 35. Kd1 Rfg7 36. b4 axb4 37. axb4 Na6 38. Nd5 Bd8 39. b5 Nac7 40. Nxf4 exf4 41. Rxg6 Kh7 0-1

[Event "Early-Titled-Tuesday-Blitz-January-23-2024"]
[Site "Chess.com"]
[Date "2024.01.23"]
[Round "6"]
[White "Balla_Tamas"]
[Black "Crazy_girl99"]
[Result "1/2-1/2"]
[WhiteElo "2468"]
[BlackElo "2608"]
[TimeControl "180+1"]
[EndTime "9:06:55 PST"]
[Termination "Game drawn - insufficient material"]

1. e4 e5 2. Nf3 Nc6 3. d4 exd4 4. Nxd4 Nf6 5. Nxc6 bxc6 6. e5 Qe7 7. Qe2 Nd5 8.
h4 a5 9. c4 Nb6 10. Nd2 Qe6 11. g3 Ba6 12. Bh3 Bxc4 13. Bxe6 Bxe2 14. Bxf7+ Kxf7 15. Kxe2 Re8 16. f4 d6 17. Nf3 dxe5 18.
Nxe5+ Kf6 19. Kf3 c5 20. Bd2 Bd6 21. Rhe1 Bxe5 22. fxe5+ Ke6 23. Bxa5 Rhf8+ 24. Kg2 Nc4 25. Bc3 Rf5 26. Re4 Kd5 27. Rae1 Ref8 28. e6 Rf2+ 29. Kh3 Nd6 30. Re5+ Kc6 31. e7 Re8 32. R5e3 g6 33. a4 Kd7 34. a5 Nf5 35. Rd3+ Nd6 36. Rde3 Nf5 37. Rd1+ Nd6 38. Be5 Rxe7 39. Bxd6 cxd6 40. Rxe7+ Kxe7 41. Ra1 Rxb2 42. a6 Rb8 43. a7 Ra8 44. Kg4 d5 45. Kf4 Kd6 46. Ra6+ Kc7 47. Ke5 d4 48. Kd5 Kb7 49. Rf6 d3 50. Kxc5 Rxa7 51.
Rd6 Ra3 52. Kc4 d2 53. Rxd2 Rxg3 54. Rd7+ Kc6 55. Rxh7 Kd6 56. Rh6 Ke5 57. Kc5 Kf5 58.
Kd6 Rh3 59. Ke7 g5 60. hxg5 Re3+ 61. Kf7 Kxg5 62. Ra6 Rf3+ 63. Ke7 Re3+ 64. Kd7 Rd3+ 65. Rd6 Rxd6+ 66. Kxd6 1/2-1/2

[Event "Early-Titled-Tuesday-Blitz-January-23-2024"]
[Site "Chess.com"]
[Date "2024.01.23"]
[Round "6"]
[White "Muslim_player_05"]
[Black "Kotofeyca"]
[Result "0-1"]
[WhiteElo "2509"]
[BlackElo "2370"]
[TimeControl "180+1"]
[EndTime "9:06:55 PST"]
[Termination "Kotofeyca won by resignation"]

1. d4 d5 2. c4 c6 3. Nf3 Nf6 4. g3 Bf5 5. Nc3 e6 6. Nh4 Bg4 7. h3 Bh5 8. g4 Ne4 9. Nxe4 Qxh4 10. Bg5 Bb4+ 11. Qd2 Bxd2+ 12. Kxd2 Qxg5+ 13. Nxg5 Bg6 14. Rc1 h6 15. Nf3 Be4 16. Rg1 Bxf3 17. exf3 dxc4 18.
Bxc4 Nd7 19. f4 Nb6 20. Bb3 O-O-O 21. Ke3 Nd5+ 22. Kf3 g5 23. Bxd5 Rxd5 24. Rc4 Rhd8 25. Rd1 Kd7 26. Rc5 Ke7 27. Rxd5 Rxd5 28. Ke4 c5 29. Rd3 c4 30. Rc3 b5 31. Ra3 Rd7 32. fxg5 hxg5 33. Ra5 Rb7 34. d5 Kd6 35. Ra6+ Kc5 36.
Rc6+ Kb4 37. dxe6 Re7 38. Kf5 Rxe6 39. Rxe6 fxe6+ 40. Kxe6 a5 41. Kf5 a4 42. f4 gxf4 43. Kxf4 a3 44. bxa3+ Kxa3 45. g5 c3 46. g6 c2 47. g7 c1=Q+ 48. Kf5 Qc4 49. h4 Qf7+ 0-1

[Event "Early-Titled-Tuesday-Blitz-January-23-2024"]
[Site "Chess.com"]
[Date "2024.01.23"]
[Round "6"]
[White "Me_ch_an"]
[Black "Kotlyar_K"]
[Result "1-0"]
[WhiteElo "2316"]
[BlackElo "2493"]
[TimeControl "180+1"]
[EndTime "9:06:56 PST"]
[Termination "Me_ch_an won by resignation"]

1. e4 e5 2. Nf3 Nc6 3. Bb5 a6 4. Ba4 Nf6 5. Qe2 b5 6. Bb3 Be7 7. c3 O-O 8. O-O d6 9. Rd1 Na5 10. Bc2 Nd7 11. d4 f6 12. Nh4 Nb6 13. a4 Be6 14. d5 Bd7 15. b3 Nb7 16. a5 Nc8 17. b4 g6 18. Nd2 f5 19. Nhf3 f4 20.
Bd3 g5 21. h3 Qe8 22. c4 Nd8 23. Nb3 Nf7 24. c5 c6 25. Bb2 dxc5 26. bxc5 Bf6 27.
Nh2 Ne7 28. f3 Ng6 29. Ng4 Bg7 30. dxc6 Bxc6 31. Bc2 h5 32. Nf2 Nh6 33. Rd6 Rf6 34. Rad1 Nf7 35. Rxf6 Bxf6 36. Nc1 Rd8 37. Bb3 Kg7 38.
Bd5 Ne7 39. Bxf7 Kxf7 40. Rd6 Nc8 41. Rxd8 Qxd8 42. Ncd3 Qc7 43. Nb4 Bb7 44. Qc2 Ne7 45. Nfd3 Nc6 46. Nxc6 Bxc6 47. Qb3+ Kg6 48. Qg8+ Kh6 49.
Qe6 Kg7 50. Bxe5 Bxe5 51. Nxe5 Qxe5 52. Qxe5+ 1-0

[Event "Early-Titled-Tuesday-Blitz-January-23-2024"]
[Site "Chess.com"]
[Date "2024.01.23"]
[Round "6"]
[White "Vazabanga"]
[Black "rhungaski"]
[Result "1-0"]
[WhiteElo "2678"]
[BlackElo "2510"]
[TimeControl "180+1"]
[EndTime "9:06:57 PST"]
[Termination "Vazabanga won on time"]

1. d4 g6 2. c4 Bg7 3. Nf3 d6 4. g3 Nf6 5. Bg2 O-O 6. O-O Nc6 7. Nc3 e5 8. d5 Ne7 9. e4 Nd7 10. Ne1 a5 11. Nd3 b6 12. Be3 f5 13. Qd2 Nf6 14. f4 Ng4 15. fxe5 Nxe3 16. Qxe3 dxe5 17. Kh1 Ba6 18. b3 Qd6 19. Rae1 Rae8 20. Qd2 c5 21.
Rf2 Nc8 22. Rfe2 Re7 23. Bh3 Qf6 24. Rf2 Nd6 25. Ref1 Bc8 26. Bg2 Bd7 27. a4 Ree8 28. Qe2 Qg5 29. Qc2 h5 30. exf5 gxf5 31. Ne2 h4 32.
Ne1 hxg3 33. Nxg3 e4 34. Ne2 Rf6 35. Nf4 Rh6 36. Bh3 Kh8 37. Rg2 Qh4 38. Qe2 Be5 39. Ng6+ Rxg6 40. Rxg6 Qxh3 41. Rg5 Qxh2+ 42. Qxh2+ Bxh2 43. Kxh2 Nf7 44. Rg2 Ne5 45. Kg1 Ng4 46. Rf4 Kg7 47. Rg3 Kf6 48. Ng2 Ke5 49. Rf1 Rg8 50. Nf4 1-0

[Event "Early-Titled-Tuesday-Blitz-January-23-2024"]
[Site "Chess.com"]
[Date "2024.01.23"]
[Round "6"]
[White "FGHSMN"]
[Black "scarabee43"]
[Result "1-0"]
[WhiteElo "2997"]
[BlackElo "2812"]
[TimeControl "180+1"]
[EndTime "9:06:58 PST"]
[Termination "FGHSMN won by resignation"]

1. e4 c5 2. Nf3 e6 3. Nc3 Nc6 4. Bb5 Nd4 5. O-O a6 6. Bd3 Nc6 7. Re1 d6 8. Bf1 Be7 9. d4 cxd4 10. Nxd4 Nxd4 11. Qxd4 Nf6 12. a4 O-O 13. h3 h6 14.
Be3 e5 15. Qd2 Be6 16. Red1 Rc8 17. a5 Qd7 18. Bb6 Qc6 19. Ra4 Nd7 20. Be3 Nc5 21. Rb4 Bd8 22. Nd5 Bxd5 23. exd5 Qd7 24. Rc4 b5 25. axb6 Bxb6 26. Ra1 a5 27. Bxc5 Rxc5 28.
Rxc5 Bxc5 29. Rxa5 Rb8 30. c3 Qc7 31. b4 Bb6 32.
Ra6 e4 33. c4 Qe7 34. c5 dxc5 35. d6 Qe8 36. d7 Qd8 37. bxc5 Bxc5 38. Rc6 e3 39.
fxe3 Bf8 40. Ba6 Rb1+ 41. Kf2 Qh4+ 42. g3 Qd8 43. Bd3 Rb8 44. Bf5 g6 45. Rc8 Qf6 46.
Rxb8 Qxf5+ 47. Ke1 Qxh3 48. Rxf8+ Kxf8 49. d8=Q+ 1-0

[Event "Early-Titled-Tuesday-Blitz-January-23-2024"]
[Site "Chess.com"]
[Date "2024.01.23"]
[Round "6"]
[White "Bauman_Guy"]
[Black "quvnoq_muxlis"]
[Result "0-1"]
[WhiteElo "2874"]
[BlackElo "2684"]
[TimeControl "180+1"]
[EndTime "9:06:58 PST"]
[Termination "quvnoq_muxlis won on time"]

1. e4 e5 2. Nf3 Nf6 3. Nxe5 Nxe4 4. d4 Be7 5. Bd3 Nf6 6. O-O d6 7. Nf3 O-O 8. h3 Re8 9. c4 Nbd7 10. Nc3 c6 11. Bf4 Nf8 12. Re1 Ng6 13. Bh2 Bf8 14. Qc2 Bd7 15. a3 Rxe1+ 16. Rxe1 Qa5 17. Re3 Re8 18. Qe2 Rxe3 19. fxe3 d5 20. Qc2 b5 21. cxd5 cxd5 22. Ne5 Be8 23. Nxg6 hxg6 24. Be5 b4 25. axb4 Bxb4 26. Ne2 Qd8 27. Nf4 a5 28. Be2 Bd6 29.
Bxd6 Qxd6 30. Bf3 g5 31. Nd3 g6 32. Ne5 Kg7 33. Kf2 Nd7 34. Qc3 a4 35. Nxd7 Bxd7 36. Qc5 Qb8 37. Qc3 Qb5 38. Be2 Qb6 39. Bf3 Qb5 40. Ke1 Bf5 41. Be2 Qb8 42. Kf2 Qb6 43. Qa3 Bd7 44. Ke1 Qb8 45. Qe7 Qg3+ 46. Kd2 Be6 47. Qd8 Qxg2 48. Ke1 Qg3+ 49. Kd2 Qxh3 0-1

[Event "Early-Titled-Tuesday-Blitz-January-23-2024"]
[Site "Chess.com"]
[Date "2024.01.23"]
[Round "6"]
[White "ural58"]
[Black "Kostya0705"]
[Result "0-1"]
[WhiteElo "2435"]
[BlackElo "2589"]
[TimeControl "180+1"]
[EndTime "9:06:58 PST"]
[Termination "Kostya0705 won on time"]

1. e4 c5 2. b3 e6 3. Nf3 Nc6 4. Bb2 d6 5. d4 cxd4 6. Nxd4 Nf6 7. Nxc6 bxc6 8. e5 dxe5 9. Qxd8+ Kxd8 10. Bxe5 Nd7 11.
Bc3 e5 12. Nd2 Bd6 13. O-O-O Ke7 14. Nc4 Bc7 15. f4 e4 16. Bxg7 Bxf4+ 17. Kb1 Rg8 18. Bb2 c5 19. g3 Bc7 20. Bh3 Nb6 21. Bxc8 Raxc8 22. Ne3 Ke6 23. Rhf1 Rg6 24. Rf5 Bd8 25. Rdf1 Bg5 26. Ng2 Rc7 27. h4 Bd2 28. R5f2 e3 29.
Re2 Rxg3 30. Bc1 Rd7 31. Nxe3 Rxe3 32. Rxe3+ Bxe3 33. Bxe3 Rd5 34. c4 Re5 35. Bc1 f5 36. Bb2 Re2 37. Rg1 f4 38. Rf1 Kf5 39. Bc1 Re4 40. Ba3 Nd7 41. Kc2 Re2+ 42. Kd3 Rxa2 43. Bc1 Ne5+ 44. Kc3 f3 45. Be3 Ke4 46. Bxc5 Ng4 47.
Re1+ Kf4 48. Re7 f2 49. Rxh7 Nf6 50. Rf7 Kf5 51. Bd4 Ra6 52. Bxf2 Ke6 53. Rxf6+ Kxf6 54. Bd4+ Kf5 55. b4 Rh6 56. b5 Rh7 57. Kb4 Ke4 0-1

[Event "Early-Titled-Tuesday-Blitz-January-23-2024"]
[Site "Chess.com"]
[Date "2024.01.23"]
[Round "6"]
[White "Makswolf200817"]
[Black "BasilSmash"]
[Result "1/2-1/2"]
[WhiteElo "2733"]
[BlackElo "2552"]
[TimeControl "180+1"]
[EndTime "9:06:59 PST"]
[Termination "Game drawn by repetition"]

1. e4 c5 2. Nf3 d6 3. d4 cxd4 4. Nxd4 Nf6 5. Nc3 a6 6. Be3 e5 7. Nb3 Be6 8. Qd2 Nbd7 9. f3 b5 10. g4 Be7 11. h4 O-O 12. O-O-O Rc8 13. Kb1 Nb6 14. g5 Nh5 15. Nd5 Bxd5 16. exd5 Nc4 17. Qe1 Nxe3 18. Qxe3 Qc7 19. Bd3 g6 20. Nd2 Qc5 21.
Qxc5 Rxc5 22. Be4 f5 23. gxf6 Bxf6 24. Nb3 Rcc8 25. Na5 Kg7 26. Nc6 Bd8 27. a4 bxa4 28. Bd3 Ra8 29. Rdg1 Rf4 30. Rg4 Bb6 31. Ka2 Bc5 32. Rf1 a3 33. bxa3 Raf8 34. Kb2 Kh6 35. Bxa6 Ra8 36. Be2 Bxa3+ 37. Kb3 Bc5 38. Rb1 Ra3+ 39.
Kb2 Re3 40. Bd1 Ba3+ 41. Ka2 Bc5 42. Nd8 Rxg4 43. fxg4 Nf4 44. c4 Kg7 45. Rb7+ Kg8 46. Nc6 Ra3+ 47. Kb2 Nd3+ 48. Kc2 e4 49. Re7 Ra2+ 50.
Kc3 Ra3+ 51. Kc2 Ra2+ 52. Kb3 Ra3+ 53. Kc2 1/2-1/2

[Event "Early-Titled-Tuesday-Blitz-January-23-2024"]
[Site "Chess.com"]
[Date "2024.01.23"]
[Round "6"]
[White "TregubovP"]
[Black "ATM622"]
[Result "1-0"]
[WhiteElo "2669"]
[BlackElo "2500"]
[TimeControl "180+1"]
[EndTime "9:06:59 PST"]
[Termination "TregubovP won on time"]

1. e4 c6 2. Nf3 d5 3. Nc3 dxe4 4. Nxe4 Bg4 5. h3 Bh5 6. Ng3 Bxf3 7. Qxf3 Nf6 8. c3 e6 9. d4 Qd5 10. Be2 Qxf3 11. Bxf3 Nbd7 12. O-O O-O-O 13. a4 Bd6 14. a5 c5 15. a6 b6 16. Be3 g6 17. Rfd1 Nd5 18.
Ne4 Be7 19. Bh6 Rhg8 20. Ng5 Bxg5 21. Bxg5 f6 22. Bd2 h5 23. c4 Ne7 24. Re1 e5 25. dxe5 Nxe5 26. Bb7+ Kc7 27. Bf4 Nf5 28. Bxe5+ fxe5 29. Rxe5 Rge8 30. Rae1 Rxe5 31. Rxe5 Rd1+ 32. Kh2 Rd2 33.
Re6 Rxf2 34. Rc6+ Kd7 35. Rxg6 h4 36. Rf6 Ke7 37. Rg6 Rf1 38. Rg4 Kf6 39. Be4 Ne3 40.
Rxh4 Re1 41. g4 Nf1+ 42. Kg2 Ne3+ 43. Kf3 Nd1 44. Rh6+ Ke5 45. Rh5+ Ke6 46. Bd5+ Kf6 47. Rh7 Re3+ 48. Kf4 Re2 49. Rxa7 Rxb2 50. Rf7+ Kg6 51. a7 Ra2 52. Rb7 Nc3 53. Rxb6+ 1-0

[Event "Early-Titled-Tuesday-Blitz-January-23-2024"]
[Site "Chess.com"]
[Date "2024.01.23"]
[Round "6"]
[White "sonicdravise"]
[Black "cthulhuuu"]
[Result "1/2-1/2"]
[WhiteElo "2628"]
[BlackElo "2444"]
[TimeControl "180+1"]
[EndTime "9:07:00 PST"]
[Termination "Game drawn - insufficient material"]

1. d4 Nf6 2. c4 e5 3. dxe5 Ng4 4. Bf4 Nc6 5. Nf3 Bb4+ 6. Nbd2 Qe7 7. a3 Ngxe5 8. Nxe5 Nxe5 9. e3 Bc5 10. Be2 d6 11. O-O a5 12. b4 axb4 13. axb4 Rxa1 14. Qxa1 Bxb4 15. Qa4+ Nc6 16. Nb3 O-O 17. Bf3 Bc3 18. Bxc6 bxc6 19. Qxc6 Be6 20. Nd4 Bxd4 21. exd4 Bf5 22.
c5 Rd8 23. cxd6 cxd6 24. Qf3 g5 25. Bxd6 Rxd6 26. Qxf5 Rxd4 27. Qc8+ Kg7 28. Qc3 Qf6 29. h3 h5 30. Qe3 g4 31. hxg4 Rxg4 32. f3 Rg3 33. Rd1 h4 34. Rd4 h3 35. Rg4+ Rxg4 36. fxg4 hxg2 37. Kxg2 Kg6 38. Qe4+ Kg5 39. Kg3 Qd6+ 40. Kf3 Qa3+ 41. Kg2 Qb2+ 42. Kg3 Qc3+ 43. Qf3 Qe5+ 44. Kg2 Qf4 45. Qxf4+ Kxf4 46. Kh3 f6 47. Kh4 Kf3 48. g5 fxg5+ 49. Kxg5 1/2-1/2

[Event "Early-Titled-Tuesday-Blitz-January-23-2024"]
[Site "Chess.com"]
[Date "2024.01.23"]
[Round "6"]
[White "jcmesafischer"]
[Black "Actuary44"]
[Result "1-0"]
[WhiteElo "2345"]
[BlackElo "2502"]
[TimeControl "180+1"]
[EndTime "9:07:00 PST"]
[Termination "jcmesafischer won by checkmate"]

1. e4 b6 2. Nc3 Bb7 3. d4 e6 4. Be3 Nf6 5. Bd3 d5 6. e5 Nfd7 7. Nce2 c5 8. c3 Nc6 9. f4 Qc7 10. Nf3 O-O-O 11. a3 h6 12. O-O f5 13. exf6 gxf6 14.
dxc5 bxc5 15. b4 c4 16. Bc2 Kb8 17. a4 e5 18. a5 Rg8 19. Qxd5 Nd4 20. Qxg8 Nxc2 21.
Bf2 Nxa1 22. Rxa1 e4 23. Nfd4 Bd6 24. Qg3 Bd5 25. Qe3 Nf8 26. Nb5 Qb7 27. Nxa7 Ne6 28.
Nd4 Bxf4 29. Qe2 Nc7 30. a6 Qa8 31. b5 e3 32. Ndc6+ Bxc6 33. Nxc6+ Kc8 34. Qg4+ Rd7 35. Qxf4 exf2+ 36. Qxf2 Nxb5 37. Qc5 Rc7 38. Re1 Qxc6 39.
Qf8+ Kd7 40. Re7+ Kd6 41. Qxf6+ Kc5 42. Re5+ Kb6 43. Re6 Kxa6 44. Rxc6+ Rxc6 45. Qxc6+ Ka5 46. Qxc4 Kb6 47. Qb4 Kc6 48. c4 Nc7 49. Qa4+ Kc5 50. Qa5+ Kc6 51. c5 Nd5 52. Qa6+ Kxc5 53. Qxh6 Kd4 54.
Qd6 Ke4 55. Qxd5+ Kxd5 56. Kf2 Ke6 57. Kg3 Kf6 58. h4 Kg7 59. Kh3 Kh6 60. g4 Kh7 61. g5 Kg6 62. Kg4 Kh7 63. h5 Kg7 64. Kf5 Kh7 65.
g6+ Kg8 66. Kf6 Kh8 67. h6 Kg8 68. g7 Kh7 69. Kf7 Kxh6 70. g8=Q Kh5 71. Qg3 Kh6 72. Qg6# 1-0

[Event "Early-Titled-Tuesday-Blitz-January-23-2024"]
[Site "Chess.com"]
[Date "2024.01.23"]
[Round "6"]
[White "R2D2PTY"]
[Black "falzehope0"]
[Result "1-0"]
[WhiteElo "2261"]
[BlackElo "2396"]
[TimeControl "180+1"]
[EndTime "9:07:00 PST"]
[Termination "R2D2PTY won by resignation"]

1. e4 d5 2. exd5 Nf6 3. Nf3 Qxd5 4. c4 Qh5 5. Be2 Bg4 6. Qb3 b6 7. d4 Nc6 8. Be3 e6 9. Nc3 Nd7 10. O-O-O Be7 11. h3 Na5 12. Qa4 Bf5 13. g4 Bxg4 14.
hxg4 Qxg4 15. Qxd7+ Kxd7 16. Ne5+ Ke8 17. Bxg4 f6 18. Nd3 Kf7 19. d5 f5 20. Bf3 Rad8 21.
Ne5+ Kf6 22. Bd4 c5 23. dxc6 Rxd4 24. Rxd4 Kxe5 25. Rd7 Bf6 26. Rxa7 Rc8 27. c7 Kf4 28.
Bg2 Nxc4 29. Nb5 Be5 30. Bb7 Rxc7 31. Nxc7 Bxc7 32. Rh4+ Kg5 33. Rxc4 Bf4+ 34. Kd1 Be5 35. Rc2 g6 36. Bg2 h5 37. Rb7 h4 38. Rxb6 Bf4 39.
Rxe6 h3 40. Bxh3 Kh4 41. Bf1 g5 42. f3 Kg3 43. Bd3 Kxf3 44. Bxf5 Kg3 45. Rg6 Kf3 46. a4 Kg3 47. a5 Be3 48. a6 Kf4 49. b4 Kxf5 50.
Rgc6 Kg4 51. R6c4+ Kh5 52. R4c3 Bg1 53. b5 g4 54. Rc6 Kh4 55. b6 g3 56. a7 Bxb6 57. Rxb6 g2 58. Rxg2 Kh3 59. Rc2 Kg3 60. Rb3+ Kg4 61.
Rc4+ Kf5 62. Rb5+ Ke6 63. Rc6+ Kd7 64. Rh6 Kc7 65. Rg5 Kb7 66. Rg7+ 1-0